 Dungeon Crawl Stone Soup version 0.29-a0-982-gaed3a0c8d8 (webtiles) character file.

Game seed: 5965953984192743701

1423885 Xenophilius the Acrobat (level 27, 193/193 HPs)
             Began as a Djinni Air Elementalist on Aug 1, 2022.
             Was the Champion of Hepliaklqana.
             Escaped with the Orb
             ... and 3 runes on Aug 3, 2022!
             The game lasted 06:56:34 (100048 turns).

Xenophilius the Acrobat (Djinni Air Elementalist) Turns: 100048, Time: 06:56:35

Health: 193/193    AC: 11    Str:  6      XL:     27
Gold:   1888       EV: 31    Int: 31 (33) God:    Hepliaklqana [******] SH: 26 Dex: 24 (27)

rFire   + + +      SeeInvis .   a - staff of conjuration
rCold   + . .      Faith    .   c - +2 shield of Resistance {rF++ rC++ Will++}
rNeg    . . .      Spirit   +   h - +0 troll leather armour
rPois   ∞          Reflect  .   G - +1 helmet
rElec   .          Harm     .   U - +2 cloak
rCorr   .          Rampage  .   k - +1 pair of gloves of Fortitude {rPois Will++ Regen+ Slay-2}
Will    +++++                   (boots unavailable)
Stlth   +.........              Q - brooch of Shielding {Spirit SH+8}
HPRegen 2.02/turn               Z - +6 ring of dexterity
MPRegen 0.00/turn               x - +6 ring of intelligence

@: flying, studying 2 skills
A: reduced essence, sickness immunity, fire resistance 2, cold vulnerability 1,
float, innate caster, HP casting, extra vitality 1, agile 1, wild magic 2
0: Orb of Zot
}: 3/15 runes: serpentine, barnacled, slimy
a: Renounce Religion, Recall Ancestor, Ancestor Identity, Transference, Idealise


You escaped.
You worshipped Hepliaklqana.
Hepliaklqana was exalted by your worship.
You visited 11 branches of the dungeon, and saw 54 of its levels.
You visited 1 bazaar.
You also visited: Ice Cave.

You collected 7909 gold pieces.
You spent 6021 gold pieces at shops.

Inventory:

Hand Weapons
 F - the +12 double sword "Orehae Gomy" {holy, rF+ rC+ Int-5 Stlth+}
   (You took it off a deep elf blademaster on level 1 of the Elven Halls)

   It has been blessed by the Shining One to cause great damage to the undead
   and demons.
   Int:       It affects your intelligence (-5).
   rF:        It protects you from fire.
   rC:        It protects you from cold.
   Stlth:     It makes you more stealthy.
Missiles
 d - 9 throwing nets
 I - 36 curare-tipped darts (quivered)
Armour
 c - the +2 shield of Resistance (worn) {rF++ rC++ Will++}
   (You took it off a skeletal warrior on level 1 of the Crypt)

   rF:        It greatly protects you from fire.
   rC:        It greatly protects you from cold.
   Will:      It greatly increases your willpower.
 h - a +0 troll leather armour (worn)
 k - the +1 pair of gloves of Fortitude (worn) {rPois Will++ Regen+ Slay-2}
   (You took it off Nikola on level 2 of the Snake Pit)

   Slay:      It affects your accuracy & damage with ranged weapons and melee
   (-2).
   rPois:     It protects you from poison.
   Regen:     It increases your rate of health regeneration.
   Will:      It greatly increases your willpower.
 G - a +1 helmet (worn)
 U - a +2 cloak (worn)
Magical Staves
 a - a staff of conjuration (weapon)
 b - a staff of air
Jewellery
 x - a +6 ring of intelligence (right hand)
 B - the ring "Foeg" {rElec MP-9 Str+6 Dex-5 Stlth+}
   (You found it on level 2 of the Depths)

   [ring of strength]

   Str:       It affects your strength (+6).
   Dex:       It affects your dexterity (-5).
   rElec:     It insulates you from electricity.
   MP:        It affects your magic capacity (-9).
   Stlth:     It makes you more stealthy.
 P - the ring of Fedhas's Benevolence {Wiz rC+ rCorr SInv}
   (You took it off a deep elf pyromancer on level 3 of the Elven Halls)

   [ring of wizardry]

   It improves your spell success rate.
   rC:        It protects you from cold.
   SInv:      It lets you see invisible.
   rCorr:     It protects you from acid and corrosion.
 Q - the brooch of Shielding (around neck) {Spirit SH+8}
   (You found it on level 5 of the Pits of Slime)

   [amulet of guardian spirit]

   It causes incoming damage to be divided between your reserves of health and
   magic.
   SH:        It affects your SH (+8).
 Z - a +6 ring of dexterity (left hand)
Wands
 z - a wand of mindburst (31)
 A - a wand of quicksilver (36)
 D - a wand of charming (17)
 E - a wand of flame (83)
 R - a wand of iceblast (47)
 Y - a wand of digging (16)
Scrolls
 i - 12 scrolls of immolation
 n - 11 scrolls of vulnerability
 o - 8 scrolls of fear
 p - 25 scrolls of teleportation
 q - a scroll of silence
 s - 14 scrolls of poison
 v - a scroll of magic mapping
 y - 10 scrolls of blinking
 C - 5 scrolls of butterflies
 W - 6 scrolls of summoning
Potions
 f - 12 potions of lignification
 g - 25 potions of curing
 l - 13 potions of heal wounds
 m - 4 potions of cancellation
 r - 6 potions of berserk rage
 t - 2 potions of resistance
 u - 8 potions of brilliance
 H - 14 potions of might
 K - 2 potions of ambrosia
 L - 14 potions of haste
 T - 5 potions of invisibility
Miscellaneous
 e - a tin of tremorstones (2/2)
 j - a piece from Xom's chessboard (15/15)
 M - a phantom mirror
 N - a phial of floods
 S - a condenser vane
 V - a box of beasts


   Skills:
 + Level 23.3 Fighting
 + Level 25.1 Dodging
 - Level 1.5 Stealth
 - Level 17.0 Shields
 - Level 17.0 Unarmed Combat
 - Level 22.0 Spellcasting
 + Level 16.3 Invocations
 - Level 10.0 Evocations


You couldn't memorise any spells.
You knew the following spells:

 Your Spells              Type           Power      Damage    Failure   Level
a - Shock                 Conj/Air       100%       1d9       1%          1
b - Fireball              Conj/Fire      79%        3d29      1%          5
c - Portal Projectile     Hex/Tloc       100%       N/A       1%          3
d - Static Discharge      Conj/Air       100%       3-16/arc  1%          2
e - Anguish               Hex/Necr       67%        N/A       1%          4
f - Sting                 Tmut/Pois      100%       1d8       1%          1
g - Dragon Form           Tmut           67%        N/A       1%          7
r - Searing Ray           Conj           100%       2d8       1%          2
s - Airstrike             Air            67%        0-21+     1%          4
D - Dispersal             Tloc           67%        N/A       1%          6
G - Conjure Ball Lightni  Conj/Air       79%        3x3d30    1%          6
L - Silence               Hex/Air        67%        N/A       1%          5
N - Necromutation         Tmut/Necr      67%        N/A       6%          8
Q - Borgnjor's Revivific  Necr           67%        N/A       6%          8
S - Spellforged Servitor  Conj/Summ      79%        N/A       1%          7
W - Swiftness             Air            100%       N/A       1%          3
Y - Death's Door          Necr           67%        N/A       45%         9
Your spell library was empty.

Dungeon Overview and Level Annotations

Branches:
Dungeon (15/15)            Temple (0/1) D:7            Lair (5/5) D:8
 Shoals (4/4) Lair:2        Snake (4/4) Lair:2        Slime (5/5) Lair:4
    Orc (2/2) D:10            Elf (3/3) Orc:2        Vaults (4/5) D:14
  Crypt (3/3) Vaults:3       Tomb (0/3) Crypt:3      Depths (4/4) D:15
    Zot (5/5) Depths:4      IceCv (visited)

Altars:
Ashenzari
Cheibriados
Elyvilon
Fedhas
Hepliaklqana
Makhleb
Nemelex Xobeh
Okawaru
Qazlal
Trog
Uskayaw
Xom
Yredelemnul
Zin
Jiyva

Shops:
D:2 *   D:8 ::   D:15 [[   Orc:2 ![![*=:   Elf:2 [   Elf:3 ((:   Shoals:3 **
Snake:4 ?   Vaults:1 =   Vaults:2 [   Depths:3 ?

Portals:
Hell: Depths:1 Depths:2 Depths:3 Depths:4
Abyss: Depths:1 Depths:2 Depths:3 Depths:4
Pandemonium: Depths:2 Depths:3
Ziggurat: Depths:1
Trove: Depths:2 (give 4 potions of resistance)


Innate Abilities, Weirdness & Mutations

Your life essence is reduced to manifest your ancestor. (-10% HP)
You are immune to sickness and miasma.
You are immune to poison.
Your flesh is very heat resistant. (rF++)
You are vulnerable to cold. (rC-)
You float through the air rather than walking.
You learn spells naturally, not from books.
Your magical power is your life essence.
You have superior vitality. (+4 MHP)
You are agile. (Dex +4, Str/Int -1)
Your spells are harder to cast, but more powerful.


Message History

Press: ? - help, v - describe, . - travel
Here: Qegimo The floor.
Blink to where?
Press: ? - help, Dir - move target
As you read the scroll of blinking, it crumbles to dust.
Press: ? - help, v - describe, . - travel A stone staircase leading up.
Unknown command.
Unknown command.
There is a stone staircase leading up here.
Qegimo gestures.
Qegimo's surroundings become eerily quiet.
You fly upwards.
There is a stone staircase leading down here.
Dunstan is recalled.
(D) Dungeon (T) Temple (L) Lair (A) Shoals (P) Snake Pit (M) Slime Pits (O) Orcish Mines (E) Elven Halls (V) Vaults (C) Crypt (W) Tomb (U) Depths (H) Hell (Z) Zot
Where to? (Enter - D:1 @ (x,y), ? - help)
What level of the Dungeon? (default 1, ? - help)
There is a stone staircase leading up here.
You fly upwards.
There is a stone staircase leading down here.
You swap places.
There is an open door here.
Your transformation is almost over.
There is an open door here.
There is a stone staircase leading up here.
You fly upwards.
You feel yourself come back to life.
There is a stone staircase leading down here.
There is a stone staircase leading up here.
You fly upwards.
There is a stone staircase leading down here.
You reach down and open the door.
There is an open door here.
There is a staircase leading out of the dungeon here.
You have escaped!

#######.#.⌠.....⌠.....⌠.# #
#.#...###...###...# # #####.#####
##### ##.##
###.....#...###...###...# ####
....#####.⌠.....⌠.....⌠.# #...
....#####...###...###...# #.#.
....#...##.## ##### ##### #.#.
....#.#.#...###...###...######.#.
........#.⌠.....@R....⌠.#.......>
....#.#.#...###...###...#.##.....
....#.#.##############'##.##...#.
......#...................#....#.
###.....#..####.#.#....#..#R...#.
.#..###.........#.#....#......##.
...######.#####...###..#......##.
####..............##..........##.
##........###...##.........####


You could see the friendly Dunstan the knight (reflecting).

Vanquished Creatures
  the Royal Jelly (Slime:5)
  An ancient lich (Zot:5)
  An orb of fire (Zot:5)
  Bai Suzhen (Shoals:3)
  6 Killer Klowns
  Vashnia (Snake:4)
  A curse toe (Zot:1)
  A caustic shrike (Depths:4)
  2 golden dragons
  Nikola (Snake:2)
  2 profane servitors (Crypt:3)
  3 electric golems
  An iron giant (Depths:2)
  A walking crystal tome (Depths:2)
  8 tentacled monstrosities
  The ghost of Vivviwk the Sorcerer, an adept DECj of Vehumet (Depths:3)
  19 Orb Guardians (Zot:5)
  Rupert (D:12)
  Jorgrun (Snake:1)
  6 quicksilver dragons
  2 liches (Crypt:3)
  5 deep elf blademasters
  A walking earthen tome (Depths:2)
  Asterion (Depths:2)
  A titan (Vaults:3)
  25 acid blobs
  Polyphemus (Shoals:3)
  4 ancient champions
  A shadow dragon (shapeshifter) (Vaults:3)
  Frances (D:14)
  4 sphinxes
  Gastronok (D:8)
  The ghost of Xuapopt the Warrior, an adept MiBe of Trog (Depths:3)
  The ghost of Xuapopt the Warrior, an adept MiBe of Trog (Depths:3)
  2 krakens
  Agnes (Snake:2)
  A death cob (Zot:1)
  Donald (Snake:1)
  A tengu reaver (Vaults:3)
  2 rockslimes
  2 revenants (Crypt:1)
  2 draconian monks
  The ghost of PaleRider the Eclecticist, an adept DECj of Vehumet (Shoals:2)
  5 shadow dragons
  8 azure jellies
  6 storm dragons
  8 draconian knights
  13 nagarajas
  3 frost giants
  5 deep elf sorcerers (Elf:3)
  Aizul (Snake:1)
  7 vault wardens
  9 draconian scorchers
  A ghost moth (Zot:5)
  An iron dragon (Depths:3)
  4 deep elf elementalists (Elf:3)
  8 draconian shifters
  Louise (D:14)
  A curse skull (Crypt:1)
  An orc warlord (Vaults:1)
  8 draconian annihilators
  5 draconian stormcallers
  9 ironbound preservers
  A reaper (Crypt:3)
  14 quicksilver oozes
  A ghoul (Crypt:2)
  17 stone giants
  A caustic shrike skeleton (Crypt:1)
  11 green draconians
  6 ironbound thunderhulks
  22 very ugly things
  7 vampire knights
  3 deep elf demonologists (Elf:3)
  4 deep elf annihilators (Elf:3)
  6 black draconians
  14 white draconians
  An entropy weaver (Vaults:1)
  12 yellow draconians
  6 purple draconians
  9 red draconians
  8 dire elephants
  The ghost of catramo the Frost Mage, a journeyman MfIE of Vehumet (D:13)
  2 spark wasps (Depths:2)
  6 ettins
  The ghost of t4s4d4r the Severer, a journeyman MeFi of the Shining One (D:10)
  3 blizzard demons
  10 deep elf death magi
  2 fire dragons
  8 merfolk javelineers
  8 merfolk impalers
  9 jiangshi
  Josephine (D:12)
  3 mummy priests (Crypt:3)
  4 eidola
  6 deep elf high priests
  Harold (D:11)
  9 vault guards
  8 yaktaur captains
  7 great orbs of eyes
  8 ice dragons
  A rakshasa (Depths:1)
  The ghost of Alarak the Destroyer, a journeyman DEIE of Vehumet (D:12)
  3 boulder beetles
  4 salamander tyrants (Snake:4)
  Erolcha (Orc:2)
  7 hydras
  3 anacondas
  19 centaur warriors
  2 spriggan air magi
  4 catoblepae
  An ogre mage (Orc:2)
  A boulder beetle (shapeshifter) (Vaults:4)
  A merfolk avatar (Shoals:4)
  An alligator snapping turtle (Shoals:4)
  A bennu zombie (Crypt:2)
  8 ironbound frosthearts
  11 naga warriors
  6 merfolk aquamancers
  4 two-headed ogres
  7 tengu warriors
  2 death knights
  19 dancing weapons
  6 deep troll earth magi
  2 deep troll shamans
  20 death yaks
  6 vampire magi
  6 hell knights
  20 naga sharpshooters
  9 deep elf knights
  6 shock serpents
  3 salamander mystics
  A shadow wraith (Crypt:3)
  10 skeletal warriors
  4 iron trolls
  A sixfirhy (Depths:2)
  A bog body (Crypt:2)
  A lindwurm (shapeshifter) (Elf:2)
  4 flayed ghosts
  A glowing orange brain (shapeshifter) (Depths:3)
  4 glowing orange brains
  8 sea snakes
  7 phantasmal warriors
  14 ironbound convokers
  29 deep trolls
  A broodmother zombie (Crypt:3)
  7 naga ritualists
  4 deep elf archers
  3 orc knights
  3 wizards
  A shadow dragon zombie (Crypt:2)
  24 deep elf pyromancers
  2 golden dragon skeletons
  4 necromancers
  9 deep elf zephyrmancers
  2 lindwurms (Vaults:3)
  14 harpies
  5 shining eyes
  A human zombie (Vaults:4)
  5 mana vipers
  10 orc sorcerers
  18 ugly things
  2 oklob plants
  A manticore (shapeshifter) (D:15)
  13 manticores
  9 fauns
  19 salamanders
  20 moths of wrath
  8 elephants
  6 cyclopes
  7 water nymphs
  An elephant (shapeshifter) (Depths:3)
  7 vault sentinels
  2 guardian serpents
  20 black mambas
  6 merfolk sirens
  A centaur zombie (Crypt:1)
  3 eyes of devastation
  12 naga magi
  A water nymph (shapeshifter) (Depths:3)
  A gargoyle (D:12)
  A minotaur zombie (Crypt:2)
  4 kobold demonologists (D:12)
  7 cane toads
  A redback zombie (Crypt:1)
  9 guardian mummies (Crypt:3)
  5 freezing wraiths
  22 yaktaurs
  A tengu conjurer (D:14)
  3 ice devils
  3 rime drakes
  A yaktaur (shapeshifter) (D:13)
  2 demonic crawlers (D:14)
  2 komodo dragons
  An efreet (D:15)
  10 polar bears
  A burning bush (Lair:5)
  5 trolls
  A sea snake skeleton (Crypt:2)
  17 merfolk
  7 wind drakes
  Prince Ribbit (D:6)
  A harpy skeleton (Crypt:3)
  4 blink frogs (Lair:2)
  64 slime creatures
  9 snapping turtles
  4 dream sheep
  An air elemental (Elf:2)
  3 centaur simulacra
  A fire dragon zombie (Crypt:1)
  Sigmund (D:2)
  3 shadows
  15 water elementals
  2 basilisks
  11 wraiths
  A vampire (D:10)
  2 wyverns
  35 yaks
  Eustachio (D:5)
  5 golden eyes
  A redback (Vaults:1)
  A black mamba skeleton (Crypt:2)
  A tyrant leech zombie (Crypt:3)
  Menkaure (D:5)
  Grum (D:8)
  A harpy simulacrum (D:13)
  An acid dragon (D:12)
  2 wargs (Orc:1)
  44 nagas
  A water moccasin (shapeshifter) (D:15)
  6 water moccasins
  Duvessa (D:6)
  11 orc warriors
  An ettin simulacrum (Vaults:4)
  A merfolk simulacrum (Crypt:1)
  A black bear (D:2)
  A meliai simulacrum (D:13)
  2 ice beasts (D:7)
  An ogre skeleton (Vaults:4)
  25 wolves
  4 ogres
  4 centaurs
  2 phantoms
  A yaktaur zombie (Crypt:3)
  14 kobold brigands
  2 scorpions (D:6)
  7 bullfrogs
  2 gnoll sergeants
  4 necrophages
  2 elf skeletons
  Dowan (D:6)
  4 small abominations (D:14)
  3 killer bees (D:8)
  2 electric eels (Lair:1)
  2 howler monkeys
  3 jellies (Lair:4)
  7 orc priests
  4 hounds
  Terence (D:2)
  32 orc wizards
  Natasha (thrice) (D:2)
  4 iguanas
  A troll simulacrum (D:11)
  A spriggan simulacrum (D:11)
  Robin (D:4)
  17 gnolls
  4 adders
  A shadow imp (D:7)
  5 white imps
  5 ufetubi
  A lava snake zombie (Crypt:1)
  An adder skeleton (D:2)
  An iguana skeleton (Crypt:2)
  2 worms
  3 dart slugs
  63 orcs
  4 ball pythons
  2 bat zombies
  8 endoplasms
  5 giant cockroaches
  11 goblins
  12 hobgoblins
  4 jackals (D:4)
  4 quokkas
  2 ball python skeletons (D:2)
  A ball python zombie (D:2)
  6 bats
  A dart slug zombie (Crypt:1)
  4 frilled lizards
  2 jackal zombies
  33 kobolds
  5 rats
  A rat zombie (Crypt:3)
  3 bushes (Lair:5)
1680 creatures vanquished.

Vanquished Creatures (collateral kills)
  3 orbs of fire
  2 ancient liches (Zot:5)
  A juggernaut (Depths:2)
  2 Killer Klowns (Zot:5)
  2 curse toes
  2 caustic shrikes (Depths:4)
  3 golden dragons
  A Brimstone Fiend (D:13)
  An iron giant (Depths:3)
  9 tentacled monstrosities
  6 Orb Guardians (Zot:5)
  3 acid blobs (Slime:5)
  3 ancient champions (Crypt:3)
  A death cob (Zot:1)
  The ghost of Peppero the Slayer, an adept DjCj of Ashenzari (Shoals:1)
  2 shadow dragons
  Ilsuiw (Shoals:3)
  A tengu reaver (Vaults:2)
  A draconian monk (Zot:2)
  3 storm dragons
  4 rockslimes
  Roxanne (Snake:3)
  2 fire giants
  3 nagarajas
  2 frost giants
  An iron dragon (Depths:3)
  A draconian stormcaller (Zot:2)
  A vault warden (Vaults:1)
  2 ghouls
  2 curse skulls
  2 ironbound preservers
  A caustic shrike zombie (Crypt:2)
  A deep elf elementalist (Elf:3)
  8 very ugly things
  A draconian annihilator (Zot:1)
  A quicksilver ooze (Slime:5)
  A war gargoyle (Vaults:3)
  3 stone giants (Depths:1)
  2 green draconians
  A vampire knight (Depths:2)
  3 dire elephants
  5 yellow draconians
  4 black draconians
  A purple draconian (Zot:5)
  4 red draconians
  A white draconian (Zot:1)
  5 merfolk impalers
  2 fire dragons
  A deep elf high priest (Elf:3)
  A crystal guardian (Vaults:3)
  2 great orbs of eyes
  6 jiangshi
  4 vault guards
  A peacekeeper (Vaults:3)
  A rakshasa (Depths:1)
  An alligator snapping turtle (Shoals:3)
  An ogre mage (Orc:2)
  A centaur warrior (Vaults:3)
  A catoblepas (Lair:5)
  2 naga warriors
  8 death yaks
  3 ironbound frosthearts
  2 merfolk aquamancers (Shoals:4)
  11 dancing weapons
  A two-headed ogre (D:9)
  A deep troll shaman (Depths:1)
  A spriggan berserker (Depths:2)
  2 shock serpents
  Nergalle (D:11)
  A naga sharpshooter (Snake:1)
  A shadow wraith (Crypt:3)
  A hell knight (Depths:2)
  A deep elf knight (Elf:2)
  A salamander mystic (Snake:4)
  5 skeletal warriors
  3 iron trolls
  4 sea snakes
  7 deep trolls
  3 flayed ghosts
  2 bog bodies (Crypt:1)
  A spriggan simulacrum (Crypt:3)
  A shadow dragon zombie (Crypt:3)
  2 obsidian statues
  A large abomination (D:14)
  An orc knight (Orc:1)
  An orange crystal statue (Depths:1)
  A lindwurm (Lair:4)
  A deep elf zephyrmancer (Elf:3)
  A mana viper (Snake:1)
  A deep elf pyromancer (Elf:2)
  6 ugly things
  5 manticores
  4 harpies
  3 fauns (Shoals:2)
  2 shining eyes (Slime:4)
  A sphinx skeleton (Vaults:4)
  2 cyclopes
  2 moths of wrath
  6 salamanders
  9 elephants
  3 merfolk sirens
  4 naga magi
  2 water nymphs (Shoals:2)
  A vault sentinel (Vaults:1)
  2 torpor snails
  9 black mambas
  An ice statue (IceCv)
  5 cane toads
  A kobold demonologist (D:12)
  2 guardian mummies (Crypt:3)
  A burning bush (Lair:5)
  An efreet (D:9)
  A freezing wraith (Crypt:3)
  4 komodo dragons
  An ice devil (D:13)
  3 merfolk
  3 trolls
  7 polar bears
  3 blink frogs
  A harpy skeleton (Crypt:3)
  25 slime creatures
  2 snapping turtles
  A centaur simulacrum (D:13)
  A shadow (D:11)
  27 yaks
  A black mamba skeleton (Crypt:3)
  4 water elementals
  An ettin skeleton (Vaults:4)
  2 basilisks
  2 ushabtiu (Crypt:3)
  A wraith (D:12)
  A yak (shapeshifter) (D:10)
  A vampire (D:11)
  A golden eye (Slime:1)
  A yaktaur simulacrum (Vaults:4)
  2 vampire mosquitoes (D:12)
  2 chaos spawn (D:14)
  A neqoxec (D:14)
  An acid dragon (D:11)
  11 nagas
  A glowing shapeshifter zombie (Crypt:3)
  3 water moccasins
  5 orc warriors
  A sky beast (D:7)
  2 black bears
  13 wolves
  A centaur (D:11)
  A lindwurm zombie (Crypt:1)
  An ogre (Orc:1)
  A lindwurm skeleton (Crypt:3)
  A kobold brigand (D:8)
  A necrophage (D:7)
  3 earth elementals
  6 bullfrogs
  A killer bee (D:8)
  A small abomination (D:14)
  3 orc priests
  Crazy Yiuf (D:5)
  6 orc wizards
  A naga skeleton (Crypt:3)
  3 gnolls
  An adder (D:4)
  A naga simulacrum (D:11)
  A shadow imp (D:7)
  A white imp (D:7)
  16 orcs
  3 goblins (D:4)
  2 kobolds (D:8)
  25 ball lightnings
  A tentacle (Shoals:1)
495 creatures vanquished.

Vanquished Creatures (others)
  2 deep elf master archers (Elf:3)
  A war gargoyle (Vaults:3)
  3 centaur warriors
  A faun (Shoals:2)
  2 yaktaurs
  A yak (IceCv)
  2 orc warriors
  28 knights
  190 ball lightnings
  45 fungi
  123 plants
  11 tentacles
  A withered plant (D:2)
410 creatures vanquished.

Grand Total: 2585 creatures vanquished

Notes
Turn   | Place    | Note
-------+----------+-------------------------------------------
     0 | D:1      | Xenophilius the Djinni Air Elementalist began the quest for
                  | the Orb.
     0 | D:1      | Xenophilius set off with the following spells memorised:
                  | Shock, Static Discharge, Swiftness, Airstrike.
     0 | D:1      | Reached XP level 1. HP: 15/15 MP: 0/0
   245 | D:1      | Found a faded altar of an unknown god.
   301 | D:1      | Reached XP level 2. HP: 19/21 MP: 0/0
   837 | D:1      | Reached XP level 3. HP: 22/25 MP: 0/0
   837 | D:1      | Learned a level 1 spell: Sting
  1535 | D:2      | Noticed Terence
  1639 | D:2      | Killed Terence
  1640 | D:2      | Reached XP level 4. HP: 25/31 MP: 0/0
  1790 | D:2      | Noticed a black bear
  1811 | D:2      | Identified the +7 whip "Suminwar" {chaos, rPois Int+3
                  | Dex+3}
  1822 | D:2      | Noticed Sigmund
  1826 | D:2      | Found Barphim's General Store.
  1833 | D:2      | Bought a scroll of identify for 28 gold pieces
  1833 | D:2      | Bought a scroll of identify for 28 gold pieces
  2159 | D:2      | Noticed Natasha
  2166 | D:2      | Killed Natasha
  2167 | D:2      | Reached skill level 1 in Fighting
  2167 | D:2      | Reached XP level 5. HP: 21/37 MP: 0/0
  2167 | D:2      | Learned a level 2 spell: Searing Ray
  2514 | D:2      | Noticed Natasha
  2530 | D:2      | Killed Natasha
  2541 | D:2      | Killed a black bear
  2542 | D:2      | Reached skill level 1 in Shields
  2542 | D:2      | Reached skill level 3 in Dodging
  2542 | D:2      | Reached XP level 6. HP: 17/43 MP: 0/0
  2566 | D:2      | Noticed Natasha
  3014 | D:2      | Killed Natasha
  3229 | D:3      | Found a hazy altar of Hepliaklqana.
  3354 | D:3      | Found an iron altar of Okawaru.
  3367 | D:3      | Became a worshipper of Hepliaklqana the Forgotten
  4293 | D:3      | Reached XP level 7. HP: 28/49 MP: 0/0
  4293 | D:3      | Learned a level 3 spell: Portal Projectile
  4478 | D:4      | Reached * piety under Hepliaklqana
  4599 | D:4      | Reached skill level 5 in Spellcasting
  4599 | D:4      | Noticed Robin
  4601 | D:4      | Killed Robin
  5131 | D:4      | Found a broken altar of Ashenzari.
  5422 | D:5      | Entered Level 5 of the Dungeon
  5427 | D:5      | Reached skill level 4 in Dodging
  5654 | D:5      | Found a glowing silver altar of Zin.
  5725 | D:5      | You are sucked into a shaft and drop 2 floors!
  5826 | D:6      | Reached XP level 8. HP: 46/50 MP: 0/0
  5890 | D:6      | Reached ** piety under Hepliaklqana
  5890 | D:6      | Noticed Dowan
  5890 | D:6      | Noticed Duvessa
  5913 | D:6      | Killed Duvessa
  5918 | D:6      | Killed Dowan
  5994 | D:6      | Noticed Prince Ribbit
  6267 | D:6      | Reached skill level 5 in Dodging
  6387 | D:5      | Found a bloodstained altar of Trog.
  6387 | D:5      | Noticed Menkaure
  6392 | D:5      | Killed Menkaure
  6579 | D:5      | Noticed Eustachio
  6594 | D:5      | Killed Eustachio
  6595 | D:5      | Reached skill level 5 in Fighting
  6595 | D:5      | Reached skill level 6 in Dodging
  6595 | D:5      | Reached XP level 9. HP: 54/58 MP: 0/0
  6595 | D:5      | Learned a level 4 spell: Anguish
  6951 | D:5      | Found a runed translucent door.
  6952 | D:5      | Noticed Crazy Yiuf
  6959 | D:5      | Killed Crazy Yiuf
  6960 | D:5      | Reached skill level 7 in Dodging
  7183 | D:2      | Killed Sigmund
  7659 | D:5      | Remembered your ancestor Dunstan as a knight
  7765 | D:6      | Reached *** piety under Hepliaklqana
  8264 | D:6      | Killed Prince Ribbit
  8711 | D:7      | Reached skill level 8 in Dodging
  8936 | D:7      | Found a staircase to the Ecumenical Temple.
  8976 | D:7      | Reached XP level 10. HP: 59/64 MP: 0/0
  9351 | D:2      | Bought a potion of ambrosia for 112 gold pieces
  9898 | D:8      | Found Rucuuqimp's Book Boutique.
 10218 | D:8      | Noticed Grum
 10223 | D:8      | Killed Grum
 10224 | D:8      | Reached skill level 9 in Dodging
 10279 | D:8      | Found Goenaupt's Book Emporium.
 10450 | D:8      | Noticed Gastronok
 10630 | D:8      | Found a hide-covered altar of Uskayaw.
 10821 | D:8      | Reached **** piety under Hepliaklqana
 10822 | D:8      | Found a staircase to the Lair.
 10823 | D:8      | Noticed a komodo dragon
 10833 | D:8      | Killed a komodo dragon
 11719 | D:9      | Noticed a death knight
 11831 | D:9      | Noticed a two-headed ogre
 11835 | D:9      | Noticed a cyclops
 11836 | D:9      | Noticed a cyclops
 11838 | D:9      | Noticed an efreet
 11844 | D:9      | Reached skill level 10 in Dodging
 11989 | D:9      | Killed a two-headed ogre
 11990 | D:9      | Reached XP level 11. HP: 69/75 MP: 0/0
 11990 | D:9      | Learned a level 5 spell: Silence
 12048 | D:9      | Killed a cyclops
 12049 | D:9      | Reached skill level 5 in Shields
 13052 | D:10     | Entered Level 10 of the Dungeon
 13100 | D:10     | Found a staircase to the Orcish Mines.
 13189 | D:10     | Found a runed translucent door.
 13190 | D:10     | Noticed a harpy
 13190 | D:10     | Noticed t4s4d4r's ghost (journeyman MeFi)
 13290 | D:10     | Reached skill level 11 in Dodging
 13444 | D:10     | Noticed a two-headed ogre
 13455 | D:10     | Killed a two-headed ogre
 13606 | D:10     | Noticed a two-headed ogre
 13765 | D:10     | Killed a two-headed ogre
 14278 | D:10     | Noticed a stone giant
 14422 | D:10     | Noticed a quicksilver dragon
 14446 | D:11     | Noticed Harold
 14515 | D:11     | Noticed a two-headed ogre
 14525 | D:11     | Killed a two-headed ogre
 14526 | D:11     | Reached skill level 10 in Fighting
 14572 | D:11     | Found a transporter.
 14577 | D:11     | Found a transporter.
 14579 | D:11     | Found a transporter.
 14579 | D:11     | Found a transporter.
 14748 | D:11     | Noticed a cyan ugly thing
 14800 | D:10     | Noticed a stone giant
 15034 | D:11     | Found a frozen archway.
 15038 | D:11     | Reached ***** piety under Hepliaklqana
 15044 | IceCv    | Entered an ice cave
 15098 | IceCv    | Reached XP level 12. HP: 44/81 MP: 0/0
 15289 | IceCv    | Noticed a death yak
 15289 | IceCv    | Noticed a death yak
 15289 | IceCv    | Noticed a death yak
 15300 | IceCv    | Killed a death yak
 15301 | IceCv    | Reached skill level 12 in Dodging
 15301 | IceCv    | Killed a death yak
 15302 | IceCv    | Killed a death yak
 15506 | IceCv    | Reached skill level 5 in Invocations
 17109 | IceCv    | Noticed a frost giant
 17109 | IceCv    | Noticed a death yak
 17265 | IceCv    | Killed a frost giant
 17456 | IceCv    | Reached XP level 13. HP: 82/86 MP: 0/0
 17456 | IceCv    | Learned a level 5 spell: Fireball
 17819 | D:11     | Noticed Nergalle
 18350 | D:10     | Noticed a minotaur
 18739 | D:11     | Killed Harold
 19454 | D:11     | Killed Nergalle
 19499 | D:10     | Identified a scroll of acquirement
 19984 | D:8      | Killed Gastronok
 20090 | Lair:1   | Entered Level 1 of the Lair of Beasts
 20360 | D:8      | Reached skill level 10 in Spellcasting
 21089 | Lair:1   | HP: 3/86 [water moccasin (5)]
 21670 | Lair:1   | Noticed a seven-headed hydra
 21678 | Lair:1   | Killed a seven-headed hydra
 21907 | Lair:1   | Found the +18 Lear's hauberk
 22249 | Lair:2   | Found a staircase to the Shoals.
 22793 | Lair:2   | Found a staircase to the Snake Pit.
 22897 | Lair:2   | Reached XP level 14. HP: 87/92 MP: 0/0
 26090 | Lair:2   | Reached skill level 10 in Shields
 28802 | Lair:4   | Reached skill level 13 in Dodging
 29700 | Lair:4   | Found a viscous altar of Jiyva.
 29700 | Lair:4   | Found a staircase to the Slime Pits.
 29773 | Lair:4   | Reached XP level 15. HP: 49/100 MP: 0/0
 29773 | Lair:4   | Learned a level 6 spell: Conjure Ball Lightning
 29908 | D:8      | Bought a manual of Fighting for 1040 gold pieces
 30427 | D:10     | Noticed a quicksilver ooze
 30445 | D:10     | a quicksilver ooze changed into a catoblepas
 31172 | Lair:5   | Entered Level 5 of the Lair of Beasts
 32245 | Lair:5   | Reached skill level 15 in Fighting
 34222 | Orc:1    | Entered Level 1 of the Orcish Mines
 34974 | Orc:1    | Found a burning altar of Makhleb.
 35407 | Orc:2    | Entered Level 2 of the Orcish Mines
 35941 | Orc:2    | Noticed Erolcha
 35944 | Orc:2    | Killed Erolcha
 36015 | Orc:2    | Found Kaokluf's Assorted Antiques.
 36056 | Orc:2    | Found a staircase to the Elven Halls.
 36385 | Orc:2    | Found Zuzaufegg's Book Shoppe.
 36732 | Orc:2    | Found Nicev Zikk's Jewellery Shop.
 36782 | Orc:2    | Reached XP level 16. HP: 97/118 MP: 0/0
 36871 | Orc:2    | Found Leibluam's Antique Armour Shop.
 37100 | Orc:2    | Found Feyratat's Distillery.
 37142 | Orc:2    | Found Enihun's Distillery.
 37152 | Orc:2    | Bought a potion of cancellation for 96 gold pieces
 37169 | Orc:2    | Bought a potion of resistance for 140 gold pieces
 37297 | Orc:2    | Found Wefat's Antique Armour Shoppe.
 37727 | Orc:2    | Bought the amulet "Exyfext" {Acrobat Rampage rN+ Dex+3} for
                  | 617 gold pieces
 37882 | D:12     | Noticed Rupert
 37894 | D:12     | Killed Rupert
 38227 | D:12     | Reached ****** piety under Hepliaklqana
 38251 | D:12     | Noticed Josephine
 38254 | D:12     | Killed Josephine
 38428 | D:12     | Found a runed translucent gate.
 38428 | D:12     | Found a runed translucent gate.
 38428 | D:12     | Found a runed translucent gate.
 38429 | D:12     | Noticed Alarak's ghost (journeyman DEIE)
 38445 | D:12     | Killed Alarak's ghost
 38458 | D:12     | HP: 5/118 [smoke demon/divine providence[a kobold
                  | demonologist] (13)]
 40240 | D:13     | Found a runed translucent gate.
 40240 | D:13     | Found a runed translucent gate.
 40240 | D:13     | Found a runed translucent gate.
 40897 | D:13     | Noticed catramo's ghost (journeyman MfIE)
 40901 | D:13     | Killed catramo's ghost
 41055 | D:13     | Got the ring "Mokym" {Fire MP+9 Str+3}
 41638 | D:14     | Noticed Frances
 41646 | D:14     | Killed Frances
 41840 | D:14     | Noticed Louise
 41855 | D:14     | Killed Louise
 41856 | D:14     | Reached skill level 10 in Invocations
 42435 | D:14     | Found a runed translucent door.
 42510 | D:14     | Found a gate to the Vaults.
 42519 | D:14     | Reached skill level 14 in Dodging
 42528 | D:14     | Reached XP level 17. HP: 57/124 MP: 0/0
 42528 | D:14     | Learned a level 6 spell: Dispersal
 43094 | D:14     | Noticed a tentacled monstrosity
 43102 | D:14     | Killed a tentacled monstrosity
 43710 | D:15     | Entered Level 15 of the Dungeon
 43965 | D:15     | Found a staircase to the Depths.
 44101 | D:15     | Found Mocw's Antique Armour Shoppe.
 44116 | D:15     | Found Gops's Antique Armour Emporium.
 44848 | Snake:1  | Entered Level 1 of the Snake Pit
 44871 | Snake:1  | Reached skill level 15 in Dodging
 45139 | Snake:1  | Noticed Jorgrun
 45143 | Snake:1  | Killed Jorgrun
 45876 | Snake:1  | Noticed Aizul
 45881 | Snake:1  | Killed Aizul
 46458 | Snake:1  | Noticed Donald
 46463 | Snake:1  | Killed Donald
 46910 | Snake:2  | Noticed Agnes
 46916 | Snake:2  | Killed Agnes
 46927 | Snake:2  | Identified the +1 pair of gloves of Fortitude {rPois Will++
                  | Regen+ Slay-2}
 46927 | Snake:2  | Noticed Nikola
 48525 | Snake:2  | Killed Nikola
 48794 | Orc:2    | Bought a potion of resistance for 140 gold pieces
 49730 | Snake:2  | Reached XP level 18. HP: 121/130 MP: 0/0
 51209 | Snake:3  | Identified Roxanne's Tome of Moulding
 51209 | Snake:3  | Noticed Roxanne
 51617 | Snake:3  | Found a stormy altar of Qazlal.
 51675 | Snake:3  | Reached skill level 16 in Dodging
 52368 | Snake:4  | Entered Level 4 of the Snake Pit
 52572 | Snake:4  | Noticed Vashnia
 52689 | Snake:4  | Killed Vashnia
 53017 | Snake:4  | Found Weddu's Magic Scroll Shop.
 53020 | Snake:4  | Bought a scroll of magic mapping for 150 gold pieces
 53699 | Snake:4  | Reached skill level 17 in Dodging
 54721 | Snake:4  | Reached XP level 19. HP: 82/135 MP: 0/0
 54721 | Snake:4  | Learned a level 7 spell: Dragon Form
 56350 | Snake:4  | Got a serpentine rune of Zot
 56625 | Shoals:1 | Entered Level 1 of the Shoals
 56729 | Shoals:1 | Reached skill level 15 in Shields
 58052 | Shoals:1 | Reached skill level 18 in Dodging
 58052 | Shoals:1 | Reached XP level 20. HP: 128/141 MP: 0/0
 58199 | Shoals:1 | You are sucked into a shaft and drop 1 floor!
 58445 | Shoals:2 | Acquired a staff of air
 58979 | Shoals:1 | Found a runed translucent door.
 58979 | Shoals:1 | Found a shimmering altar of Xom.
 58979 | Shoals:1 | Identified the +3 morningstar of the Thing {chaos, *Rage
                  | rF+ Dex+6 Stlth+}
 58979 | Shoals:1 | Noticed Peppero's ghost (adept DjCj)
 59758 | Shoals:2 | Reached skill level 19 in Dodging
 59903 | Shoals:2 | Found a runed translucent door.
 59903 | Shoals:2 | Found a shimmering altar of Xom.
 59903 | Shoals:2 | Noticed PaleRider's ghost (adept DECj)
 59907 | Shoals:2 | Identified the +8 great mace "Sabutt" {chaos, Drain rPois
                  | rC++}
 61309 | Shoals:3 | Noticed Polyphemus
 61419 | Shoals:3 | Noticed Ilsuiw
 61424 | Shoals:3 | Killed Ilsuiw
 61857 | Shoals:3 | Killed Polyphemus
 61858 | Shoals:3 | Reached skill level 1 in Evocations
 62210 | Shoals:3 | Noticed Bai Suzhen
 62218 | Shoals:3 | Killed Bai Suzhen
 62219 | Shoals:3 | Reached XP level 21. HP: 108/146 MP: 0/0
 62219 | Shoals:3 | Learned a level 8 spell: Necromutation
 62468 | Shoals:3 | Found Ukumav's General Store.
 62498 | Shoals:3 | Found Biatocic's Specific Store.
 63116 | Shoals:4 | Entered Level 4 of the Shoals
 63422 | Shoals:4 | Reached skill level 5 in Evocations
 64943 | Shoals:4 | Got a barnacled rune of Zot
 66694 | Elf:1    | Entered Level 1 of the Elven Halls
 66740 | Elf:1    | Found a huge runed translucent gate.
 66741 | Elf:1    | Found a huge runed translucent gate.
 66741 | Elf:1    | Found a huge runed translucent gate.
 66742 | Elf:1    | Found a huge runed translucent gate.
 66743 | Elf:1    | Found a huge runed translucent gate.
 66744 | Elf:1    | Found a huge runed translucent gate.
 66744 | Elf:1    | Identified the +6 double sword of Fragile Peace {flame,
                  | rCorr MP+9}
 66745 | Elf:1    | Found a huge runed translucent gate.
 66745 | Elf:1    | Found a huge runed translucent gate.
 66747 | Elf:1    | Identified the +12 double sword "Orehae Gomy" {holy, rF+
                  | rC+ Int-5 Stlth+}
 67154 | Elf:1    | Acquired a manual of Spellcasting
 67733 | Elf:2    | Found Ithrea's Armour Shop.
 68156 | Elf:2    | Found a runed translucent gate.
 68156 | Elf:2    | Found a runed translucent gate.
 68162 | Elf:2    | Found a runed translucent gate.
 68554 | Elf:2    | Reached skill level 15 in Spellcasting
 68969 | Elf:2    | Reached XP level 22. HP: 112/152 MP: 0/0
 69229 | Elf:3    | Entered Level 3 of the Elven Halls
 69311 | Elf:3    | Found Oralivav's Antique Weapon Shoppe.
 69332 | Elf:3    | Found Agynio's One-of-a-Kind Books.
 69401 | Elf:3    | Found Vacu's Antique Weapon Shop.
 69958 | Elf:3    | Identified the ring of Fedhas's Benevolence {Wiz rC+ rCorr
                  | SInv}
 70033 | Elf:3    | Identified the +4 long sword "Minehaom" {spect, rElec
                  | Str+6}
 70098 | Elf:3    | Identified the +8 shadow dragon scales of Laam {rC+ rCorr
                  | Dex+3 Stlth++++}
 70708 | Vaults:1 | Entered Level 1 of the Vaults
 71456 | Vaults:1 | Found Inur's Jewellery Shop.
 72143 | Vaults:2 | Found Qeih's Armour Shop.
 72256 | Vaults:2 | Reached XP level 23. HP: 140/157 MP: 0/0
 72256 | Vaults:2 | Learned a level 7 spell: Spellforged Servitor
 72661 | D:8      | Bought a manual of Fighting for 1120 gold pieces
 74161 | Vaults:3 | Found a staircase to the Crypt.
 74417 | Vaults:3 | Found a huge runed gate.
 74417 | Vaults:3 | Found a huge runed gate.
 74417 | Vaults:3 | Found a huge runed gate.
 74417 | Vaults:3 | Found a huge runed gate.
 74418 | Vaults:3 | Found a huge runed gate.
 74418 | Vaults:3 | Found a huge runed gate.
 74418 | Vaults:3 | Found a huge runed gate.
 74418 | Vaults:3 | Found a huge runed gate.
 74419 | Vaults:3 | Found a huge runed gate.
 74421 | Vaults:3 | Found a huge runed gate.
 74421 | Vaults:3 | Found a huge runed gate.
 74421 | Vaults:3 | Found a huge runed gate.
 74421 | Vaults:3 | Found a huge runed gate.
 74421 | Vaults:3 | Found a huge runed gate.
 74421 | Vaults:3 | Found a huge runed gate.
 74422 | Vaults:3 | Found a huge runed gate.
 74423 | Vaults:3 | Found a huge runed gate.
 74424 | Vaults:3 | Found a huge runed gate.
 74432 | Vaults:3 | Found a huge runed gate.
 74432 | Vaults:3 | Found a huge runed gate.
 74432 | Vaults:3 | Found a huge runed gate.
 74432 | Vaults:3 | Found a huge runed gate.
 74432 | Vaults:3 | Found a huge runed gate.
 74432 | Vaults:3 | Found a huge runed gate.
 74433 | Vaults:3 | Found a huge runed gate.
 74434 | Vaults:3 | Found a huge runed gate.
 74435 | Vaults:3 | Found a huge runed gate.
 74443 | Vaults:3 | Found a huge runed gate.
 74443 | Vaults:3 | Found a huge runed gate.
 74443 | Vaults:3 | Found a huge runed gate.
 74443 | Vaults:3 | Found a huge runed gate.
 74443 | Vaults:3 | Found a huge runed gate.
 74443 | Vaults:3 | Found a huge runed gate.
 74444 | Vaults:3 | Found a huge runed gate.
 74445 | Vaults:3 | Found a huge runed gate.
 74446 | Vaults:3 | Found a huge runed gate.
 75027 | Vaults:3 | Identified the +4 ring mail of Nubbum {rC+ Str+4}
 75723 | Crypt:1  | Entered Level 1 of the Crypt
 76024 | Crypt:1  | Reached XP level 24. HP: 140/166 MP: 0/0
 76154 | Crypt:1  | Found a transporter.
 76156 | Crypt:1  | Identified the ring of Hepnod {rPois Int+4}
 76174 | Crypt:1  | Found a transporter.
 77256 | Crypt:2  | Reached skill level 10 in Evocations
 77262 | Crypt:2  | Reached skill level 20 in Dodging
 77788 | Crypt:3  | Entered Level 3 of the Crypt
 78105 | Crypt:3  | Reached skill level 21 in Dodging
 78295 | Crypt:3  | Found a basalt altar of Yredelemnul.
 78307 | Crypt:3  | Identified the +6 arbalest of Jubiusux {vorpal, *Slow rC+
                  | Will+ MP+9}
 78611 | Crypt:3  | Identified the +1 arbalest "Qelub" {elec, rC++ rCorr MP+9}
 78846 | Crypt:3  | Found a staircase to the Tomb.
 79335 | Vaults:4 | Reached XP level 25. HP: 172/179 MP: 0/0
 79335 | Vaults:4 | Learned a level 8 spell: Borgnjor's Revivification
 80574 | D:10     | Killed t4s4d4r's ghost
 80804 | Slime:1  | Entered Level 1 of the Pits of Slime
 82004 | Slime:5  | Entered Level 5 of the Pits of Slime
 82170 | Slime:5  | Noticed the Royal Jelly
 82831 | Slime:4  | Reached skill level 22 in Dodging
 83545 | Slime:5  | Found a viscous altar of Jiyva.
 83576 | Slime:5  | Killed the Royal Jelly
 83577 | Slime:5  | Reached skill level 15 in Invocations
 83673 | Slime:5  | Got a slimy rune of Zot
 83714 | Slime:5  | Identified the +9 shortbow of Yredelemnul, Scorching
                  | {flame, *Corrode rElec Int+3 Dex+7}
 83722 | Slime:5  | Found the brooch of Shielding {Spirit SH+8}
 83729 | Slime:5  | Identified the +7 plate armour of Tender Moments {Int+2}
 83747 | Slime:5  | Acquired a manual of Invocations
 84244 | Snake:3  | Killed Roxanne
 84390 | Shoals:1 | Killed Peppero's ghost
 84456 | Shoals:2 | Killed PaleRider's ghost
 84734 | Depths:1 | Entered Level 1 of the Depths
 84871 | Depths:1 | Reached XP level 26. HP: 122/184 MP: 0/0
 85177 | Depths:1 | Found a hazy altar of Hepliaklqana.
 85179 | Depths:1 | Found a white marble altar of Elyvilon.
 85179 | Depths:1 | Found a blossoming altar of Fedhas.
 85182 | Depths:1 | Found a shimmering altar of Xom.
 85182 | Depths:1 | Found a sparkling altar of Nemelex Xobeh.
 85182 | Depths:1 | Found a snail-covered altar of Cheibriados.
 85238 | Depths:1 | Found a gateway to a bazaar.
 85285 | Depths:1 | Found a one-way gate to the infinite horrors of the Abyss.
 85382 | Depths:1 | Reached skill level 23 in Dodging
 85440 | Depths:1 | Found a one-way gateway to a ziggurat.
 85500 | Depths:1 | Found a gateway to Hell.
 85785 | Depths:2 | Noticed Asterion
 85789 | Depths:2 | Killed Asterion
 85955 | Depths:2 | Noticed a juggernaut
 85961 | Depths:2 | Killed a juggernaut
 86052 | Depths:2 | Found the +6 shillelagh "Devastator" {shatter}
 86272 | Depths:2 | Reached skill level 24 in Dodging
 86499 | Depths:2 | Identified the ring "Foeg" {rElec MP-9 Str+6 Dex-5 Stlth+}
 86568 | Depths:2 | Found a portal to a secret trove of treasure.
 86679 | Depths:2 | Found a one-way gate leading to the halls of Pandemonium.
 87066 | Depths:3 | You are sucked into a shaft and drop 1 floor!
 87066 | Depths:4 | Entered Level 4 of the Depths
 87457 | Depths:3 | Found Yvoneug's Magic Scroll Boutique.
 87523 | Depths:3 | Found a runed translucent door.
 87523 | Depths:3 | Noticed Xuapopt's ghost (adept MiBe)
 87576 | Depths:3 | Killed Xuapopt's ghost
 87606 | Depths:3 | Found a runed translucent door.
 87606 | Depths:3 | Noticed Xuapopt's ghost (adept MiBe)
 87635 | Depths:3 | Killed Xuapopt's ghost
 87691 | Depths:3 | Found a runed translucent door.
 87692 | Depths:3 | Noticed Vivviwk's ghost (adept DECj)
 87902 | Depths:3 | Reached skill level 25 in Dodging
 87908 | Depths:3 | Killed Vivviwk's ghost
 88102 | Depths:3 | Identified the ring "Jireisk" {rPois rF++ Will- Str-4
                  | Dex+4}
 88231 | Depths:4 | Reached XP level 27. HP: 176/189 MP: 0/0
 88231 | Depths:4 | Learned a level 9 spell: Death's Door
 88947 | Depths:4 | Reached skill level 1 in Unarmed Combat
 89316 | Depths:4 | Found a gate to the Realm of Zot.
 89397 | Depths:4 | Reached skill level 5 in Unarmed Combat
 89481 | Depths:4 | Found a sparkling altar of Nemelex Xobeh.
 90035 | Bazaar   | Entered a bazaar
 90035 | Bazaar   | Found Ebrigh Hupa's Distillery.
 90054 | Bazaar   | Found Hufoin's Book Boutique.
 90065 | Bazaar   | Found Ram Fos's General Store.
 90076 | Bazaar   | Found Caulibua's Antique Weapon Shop.
 90084 | Bazaar   | Found Jaga's Antique Armour Shop.
 90103 | Bazaar   | Bought a potion of haste for 150 gold pieces
 90103 | Bazaar   | Bought a potion of haste for 150 gold pieces
 90103 | Bazaar   | Bought a potion of heal wounds for 75 gold pieces
 90103 | Bazaar   | Gained mutation: You are occasionally teleported next to
                  | monsters. [potion of mutation]
 90103 | Bazaar   | Gained mutation: You have a somewhat thin skeletal
                  | structure. (Dex +2, Stealth+) [potion of mutation]
 90104 | Bazaar   | Lost mutation: You are occasionally teleported next to
                  | monsters. [potion of mutation]
 90104 | Bazaar   | Lost mutation: You have a somewhat thin skeletal structure.
                  | (Dex +2, Stealth+) [potion of mutation]
 90104 | Bazaar   | Gained mutation: You expend health (3 HP) to strengthen
                  | your wands. [potion of mutation]
 90104 | Bazaar   | Gained mutation: You passively dampen the noise of your
                  | surroundings. [potion of mutation]
 90105 | Bazaar   | Lost mutation: You passively dampen the noise of your
                  | surroundings. [potion of mutation]
 90105 | Bazaar   | Lost mutation: You expend health (3 HP) to strengthen your
                  | wands. [potion of mutation]
 90105 | Bazaar   | Gained mutation: You are agile. (Dex +4, Str/Int -1)
                  | [potion of mutation]
 90105 | Bazaar   | Gained mutation: Your spells are a little harder to cast,
                  | but a little more powerful. [potion of mutation]
 90105 | Bazaar   | Gained mutation: Your spells are harder to cast, but more
                  | powerful. [potion of mutation]
 90106 | Bazaar   | Bought a potion of mutation for 120 gold pieces
 90106 | Bazaar   | Bought a potion of mutation for 120 gold pieces
 90122 | Bazaar   | Bought a scroll of teleportation for 33 gold pieces
 90122 | Bazaar   | Bought a potion of might for 44 gold pieces
 90122 | Bazaar   | Bought a wand of digging (5) for 231 gold pieces
 90462 | Snake:4  | Bought a scroll of teleportation for 60 gold pieces
 90462 | Snake:4  | Bought a scroll of teleportation for 60 gold pieces
 90462 | Snake:4  | Bought a scroll of teleportation for 60 gold pieces
 90462 | Snake:4  | Bought a scroll of teleportation for 60 gold pieces
 90618 | Shoals:3 | Bought a potion of heal wounds for 75 gold pieces
 90893 | Orc:2    | Bought a potion of curing for 36 gold pieces
 90893 | Orc:2    | Bought a potion of curing for 36 gold pieces
 90893 | Orc:2    | Bought a potion of invisibility for 96 gold pieces
 90893 | Orc:2    | Bought a potion of curing for 36 gold pieces
 90893 | Orc:2    | Bought a potion of heal wounds for 60 gold pieces
 90900 | Orc:2    | Bought a potion of might for 56 gold pieces
 90900 | Orc:2    | Bought a potion of brilliance for 56 gold pieces
 90953 | Orc:2    | Bought a scroll of blinking for 232 gold pieces
 90953 | Orc:2    | Bought a potion of heal wounds for 155 gold pieces
 91200 | Depths:3 | Bought a scroll of blinking for 82 gold pieces
 91200 | Depths:3 | Bought a scroll of summoning for 104 gold pieces
 91200 | Depths:3 | Bought a scroll of teleportation for 33 gold pieces
 91200 | Depths:3 | Bought a scroll of teleportation for 33 gold pieces
 91200 | Depths:3 | Bought a scroll of blinking for 82 gold pieces
 91533 | D:2      | Bought a wand of mindburst (11) for 215 gold pieces
 91869 | Zot:1    | Entered Level 1 of the Realm of Zot
 94207 | Zot:2    | Reached skill level 10 in Unarmed Combat
 94296 | Zot:2    | Noticed an orb of fire
 94416 | Zot:2    | Killed an orb of fire
 96145 | Zot:4    | Noticed a Killer Klown
 96149 | Zot:4    | Killed a Killer Klown
 96588 | Zot:5    | Entered Level 5 of the Realm of Zot
 97055 | Zot:5    | Reached skill level 15 in Unarmed Combat
 97464 | Zot:5    | Noticed an orb of fire
 97472 | Zot:5    | Noticed a Killer Klown
 97480 | Zot:5    | Killed a Killer Klown
 97482 | Zot:5    | Killed an orb of fire
 97620 | Zot:5    | Noticed an ancient lich
 97635 | Zot:5    | Killed an ancient lich
 97766 | Zot:5    | Noticed a Killer Klown
 97769 | Zot:5    | Killed a Killer Klown
 97886 | Zot:5    | Noticed a Killer Klown
 97896 | Zot:5    | Noticed an ancient lich
 97897 | Zot:5    | Killed a Killer Klown
 97900 | Zot:5    | Killed an ancient lich
 97913 | Zot:5    | Noticed an ancient lich
 97920 | Zot:5    | Killed an ancient lich
 97981 | Zot:5    | Noticed a Killer Klown
 97991 | Zot:5    | Killed a Killer Klown
 98318 | Zot:5    | Noticed an orb of fire
 98343 | Zot:5    | Killed an orb of fire
 98871 | Zot:5    | Noticed a Killer Klown
 98878 | Zot:5    | Killed a Killer Klown
 98923 | Zot:5    | Noticed a Killer Klown
 98929 | Zot:5    | Killed a Killer Klown
 98973 | Zot:5    | Noticed an orb of fire
 98983 | Zot:5    | Noticed a Killer Klown
 99004 | Zot:5    | Killed an orb of fire
 99035 | Zot:5    | Killed a Killer Klown
 99545 | Zot:5    | Got the Orb of Zot
 99620 | Zot:1    | Noticed Qyconif the pandemonium lord
 99641 | Zot:1    | Noticed Rarchuje the pandemonium lord
 99969 | D:5      | Noticed Qegimo the pandemonium lord
100048 | D:$      | Escaped with the Orb!

Illustrated notes

Levels and vault maps discovered:
D:1:      minmay_arrival_nine_rooms, layout_basic,
          dreamdust_ecumenical_altar_hidden_monk_grotto, minmay_quantized
D:2:      layout_loops_ring, serial_shops, shop, serial_undead, serial_undead_d,
          serial_undead_a, serial_undead_d, serial_undead_e, serial_undead_b,
          uniq_terence, uniq_sigmund, uniq_natasha
D:3:      layout_loops_corners, mainiacjoe_overflow_large_starburst
D:4:      layout_rooms, lemuel_tele_altar, minivault_5, uniq_robin
D:5:      layout_loops_ring, lemuel_crystal_altar, kennysheep_mini_moat,
          uniq_crazy_yiuf_cottage, uniq_eustachio, uniq_menkaure
D:6:      cheibrodos_helix_gallery, layout_basic, st_stairs_12, minmay_puff,
          uniq_prince_ribbit1, uniq_duvessa
D:7:      layout_cave_pools, minmay_temple_entry_crystal_x, serial_demonic,
          serial_demonic_a, serial_demonic_d, serial_demonic_c, serial_demonic_g
D:8:      layout_cave_pools, nicolae_uskayaw_dance_studio, david_lair_shrubbed,
          serial_shops, shop, grunt_ministairs_7, nicolae_stop_n_shop_1,
          grunt_decor_mini_mirrors, uniq_grum, uniq_gastronok
D:9:      minmay_the_grid_four_pointed_star
          [minmay_the_grid_triangle_9x9_thin_v,
          minmay_the_grid_triangle_9x9_limited_checkers,
          minmay_the_grid_triangle_9x9_empty,
          minmay_the_grid_triangle_9x9_minimal,
          minmay_the_grid_prize_inner_circle], layout_gridville,
          hangedman_decor_growths, minmay_misc_feat_cross
D:10:     layout_grid_maze, orc_0_dummy, ebering_ghost_inner_flame
D:11:     layout_cave_pools, portal_ice_cave_entry_ice_simulacra,
          nicolae_diode_intersection, uniq_harold, uniq_nergalle
D:12:     layout_cave_pods, gammafunk_ghost_nasty_kobolds, minivault_15,
          uniq_josephine, uniq_rupert
D:13:     layout_roguey, gammafunk_ghost_icy
D:14:     cheibrodos_body_horror, layout_rooms, erik_vaults_2,
          kennysheep_pointless_box, uniq_louise, uniq_frances
D:15:     hangedman_depths_entry_try_elsewhere_first, layout_rooms,
          serial_shops, nicolae_shop_crystal, nicolae_shop_window_shopping
Lair:1:   layout_regular_city, nicolae_lair_lil_pond, infiniplex_staircase_pool,
          grunt_megastairs_2
Lair:2:   layout_regular_city, shoals_dummy_entry,
          minmay_snake_entry_guardpost_small
Lair:3:   layout_misc_corridors, serial_bayou_pond_d, grunt_megastairs_3
Lair:4:   layout_layer_cave, minmay_slime_entry_pillars, st_stairs_7
Lair:5:   evilmike_catoblepas_cave, layout_regular_city, minivault_19,
          evilmike_ambush [evilmike_ambush_outer_basic,
          evilmike_ambush_inner_wall_1]
Shoals:1: layout_shoals, ebering_ghost_xom
Shoals:2: layout_shoals, ebering_ghost_xom, overgrown_hall
Shoals:3: layout_shoals, nicolae_specific_store, uniq_polyphemus, uniq_ilsuiw,
          uniq_bai_suzhen
Shoals:4: shoals_end_simple, layout_shoals
Snake:1:  layout_misc_corridors, nicolae_snake_guarding_the_ruins, uniq_aizul,
          uniq_donald, uniq_jorgrun
Snake:2:  layout_chambers, dpeg_stationary_puzzle, uniq_nikola, uniq_agnes
Snake:3:  layout_onion_interference, basic_altar, uniq_roxanne
Snake:4:  grunt_snake_rune_spirals, layout_onion, serial_shops,
          nicolae_shop_behind_doors, uniq_vashnia
Slime:1:  layout_caves
Slime:2:  layout_caves
Slime:3:  layout_caves
Slime:4:  layout_caves
Slime:5
Orc:1:    layout_diamond_mine, bloody_makhleb
Orc:2:    kennysheep_orc_mage_school, layout_caves, serial_shops,
          nicolae_shop_trees, shop, nicolae_square_shop, uniq_erolcha
Elf:1:    layout_loops_cross, hangedman_corner_corridor, minivault_26,
          nicolae_elf_double_double_double_trouble
Elf:2:    nicolae_elf_blades_splatter_lattice [mumra_blade_entry_dagger],
          layout_geoelf_octagon, serial_shops, shop, serial_co_window_serial,
          co_window_paths_a, co_window_paths_a, co_window_paths_a,
          co_window_paths_a, co_window_paths_a, co_window_corner_a,
          co_window_corner_a, co_window_corner_b, co_window_of_opportunity_b,
          co_window_corner_ca, co_window_2corner, glass_columns_b,
          glass_columns_b
Elf:3:    minmay_elf_hall_furrowed, layout_rooms, serial_shops, shop,
          nicolae_shop_advertising_works [nicolae_subvault_shop_adworks],
          grunt_ministairs_4, minmay_misc_feat_diagonals, nicolae_rare_books
Vaults:1: v_misc_2, serial_ice_g, vaults_dpeg_cross, hangedman_vaults_cutoff,
          vaults_dpeg_ring, ontoclasm_vaults_chip, layout_vaults_omnigrid,
          serial_shops, nicolae_square_shop
Vaults:2: nicolae_vaults_little_squares_2, vaults_mumra_chevron_long, v_misc_26,
          st_more_cells, v_misc_23, hangedman_vaults_stretched_pinwheel,
          vaults_standard_mumra_enter_the_diamond, vaults_room_door_ring,
          vaults_mumra_minichess, v_misc_22, hangedman_vaults_variations,
          grunt_vaults_hallway_short, vaults_standard_mumra_enter_the_diamond,
          hangedman_vaults_slice, layout_vaults_omnibox, serial_shops,
          nicolae_diamond_shop
Vaults:3: hangedman_vaults_locks, hangedman_vaults_hat,
          ontoclasm_vaults_decontamination, door_vault, ontoclasm_vaults_twist,
          layout_vaults_omnicross
Vaults:4: v_alt_pattern_1, nicolae_vaults_twisting_passages,
          nicolae_vaults_mini_display_case, serial_ice_b, v_misc_5,
          nicolae_vaults_little_squares_4, hangedman_vaults_pinch,
          nicolae_vaults_gold_heap, nicolae_vaults_three_branches,
          layout_vaults_chaotic_city
Crypt:1:  gammafunk_sealed_arena, layout_rooms, uniq_grunn
Crypt:2:  layout_chaotic_city
Crypt:3:  lightli_unholy_cathedral, layout_chaotic_city,
          tomb_entry_sphere_bobbens
Depths:1: layout_gridville, enter_ziggurat_e, hell_entry,
          abyss_entry_small_statue_room, serial_shops, statue_bzr,
          doesnt_xom_only_xom
Depths:2: minmay_roctagon, layout_gridville, abyss_entry, pan_entry,
          hangedman_coc_ice_floe, nicolae_trove_entry_diagonal,
          lemuel_old_faithful, infiniplex_staircase_door_maze,
          serial_bayou_shore_b, uniq_asterion
Depths:3: minmay_outward_triangles, layout_cave_pools, hell_entry,
          abyss_entry_crystal, nicolae_figureground_sparkle, pan_entry,
          serial_shops, nicolae_shop_stone,
          muffindrake_ghost_three_little_ghosts
Depths:4: evilmike_zot_entry_basic, layout_gridlike, abyss_entry, hell_entry,
          chequers_serial_rivers_micro_e, nemelex_xobeh_ov_fountains_minmay
Zot:1:    layout_basic, st_stairs_1, grunt_megastairs_4
Zot:2:    layout_twisted_circle, grunt_megastairs_1
Zot:3:    layout_twisted_circle
Zot:4:    layout_misc_corridors, uniq_josephina
Zot:5:    layout_gridlike

Skill      XL: |  1  2  3  4  5  6  7  8  9 10 11 12 13 14 15 16 17 18 19 20 21 22 23 24 25 26 27 |
---------------+----------------------------------------------------------------------------------+-----
Spellcasting   | 3 4 5 6 7 8 11 12 13 14 15 18 19 20 22 | 22.0
Fighting       | 1 2 3 5 6 9 10 11 18 22 23 | 23.3
Shields        | 2 3 4 5 8 9 11 12 13 14 15 16 17 | 17.0
Dodging        | 3 4 6 8 10 11 12 13 14 15 17 18 19 21 22 25 | 25.1
Invocations    | 6 7 8 10 11 12 13 14 16 | 16.3
Evocations     | 3 8 9 10 | 10.0
Unarmed Combat | 17 | 17.0
Stealth        | |  1.5

Action                   |  1- 3 |  4- 6 |  7- 9 | 10-12 | 13-15 | 16-18 | 19-21 | 22-24 | 25-27 || total
-------------------------+-------+-------+-------+-------+-------+-------+-------+-------+-------++-------
Melee: Whip              |       |    27 |    19 |    22 |    33 |       |       |       |       ||   101
       Staff             |       |       |       |       |       |     2 |     3 |     2 |     2 ||     9
       Unarmed           |       |       |       |       |       |       |       |       |    61 ||    61
Throw: Dart              |       |       |       |     1 |     2 |     4 |       |       |     1 ||     8
 Cast: Shock             |    66 |    61 |   211 |   330 |   336 |       |     3 |       |       ||  1007
       Searing Ray       |       |     2 |    15 |    21 |    84 |    26 |    18 |    17 |    12 ||   195
       Static Discharge  |       |       |     1 |    19 |     1 |       |       |       |       ||    21
       Airstrike         |       |       |       |     3 |       |     3 |    58 |    15 |     2 ||    81
       Anguish           |       |       |       |     6 |     2 |       |     1 |       |       ||     9
       Silence           |       |       |       |     1 |     1 |       |       |       |     4 ||     6
       Fireball          |       |       |       |       |   227 |   412 |   366 |   646 |   966 ||  2617
       Swiftness         |       |       |       |       |     4 |     1 |       |     3 |       ||     8
       Conjure Ball Ligh |       |       |       |       |     2 |    34 |     8 |       |    52 ||    96
       Dispersal         |       |       |       |       |       |       |     5 |    10 |    12 ||    27
       Portal Projectile |       |       |       |       |       |       |       |     1 |       ||     1
       Spellforged Servi |       |       |       |       |       |       |       |     6 |     1 ||     7
       Necromutation     |       |       |       |       |       |       |       |    26 |   142 ||   168
Invok: Recall Ancestor   |       |       |     1 |     3 |    12 |     3 |     3 |     4 |    10 ||    36
       Ancestor Life: Kn |       |       |     1 |       |       |       |       |       |       ||     1
       Idealise          |       |       |       |     1 |       |       |       |       |     2 ||     3
       Transference      |       |       |       |       |     2 |       |       |       |     1 ||     3
Evoke: Wand              |       |       |       |       |     3 |     1 |       |       |     4 ||     8
       Box of beasts     |       |       |       |       |     1 |       |       |       |       ||     1
  Use: Scroll            |     1 |     5 |     5 |     8 |    11 |     6 |     6 |       |    14 ||    56
       Potion            |       |     1 |       |     1 |     1 |     4 |     2 |       |     5 ||    14
 Stab: Sleeping          |       |     2 |     1 |       |       |       |       |       |       ||     3
       Distracted        |       |       |     1 |       |     1 |       |       |       |     3 ||     5
Armor: Robe              |     3 |     4 |     3 |    17 |    41 |     4 |     4 |    16 |       ||    92
       Skin              |       |       |       |     5 |       |       |       |       |       ||     5
       Troll leather arm |       |       |       |       |       |       |       |       |    12 ||    12
       Acid dragon scale |       |       |       |       |       |       |       |       |     1 ||     1
Dodge: Dodged            |     8 |    20 |    20 |   110 |   239 |    73 |    79 |   103 |   175 ||   827
Block: Buckler           |       |     4 |     7 |    24 |       |       |       |       |       ||    35
       Kite shield       |       |       |       |    34 |   258 |    84 |    83 |   191 |   127 ||   777
       Reflection        |       |       |       |       |       |     3 |    35 |    38 |     7 ||    83

Table legend: (Time is in decaauts)
 A = Elapsed time spent in this place.
 B = Non-inter-level travel time spent in this place.
 C = Inter-level travel time spent in this place.
 D = Time resting spent in this place.
 E = Time spent auto-exploring this place.
 F = Levels seen in this place.
 G = Mean time per level.
                   A        B        C        D        E       F      G
               +--------+--------+--------+--------+--------+-----+--------+
         Total | 100216 |  88960 |  11256 |  40588 |  29041 |  56 | 1789.6 |
       Dungeon |  29103 |  24152 |   4951 |  11747 |   7601 |  15 | 1940.2 |
          Lair |  15554 |  14277 |   1277 |   8754 |   3324 |   5 | 3110.8 |
        Shoals |   8479 |   7945 |    534 |   4138 |   1776 |   4 | 2119.8 |
     Snake Pit |  11051 |  10233 |    818 |   5623 |   2678 |   4 | 2762.8 |
    Slime Pits |   3197 |   2966 |    231 |    948 |   1361 |   5 |  639.4 |
  Orcish Mines |   3726 |   2857 |    869 |   1527 |    890 |   2 | 1863.0 |
   Elven Halls |   3951 |   3710 |    241 |    995 |   1790 |   3 | 1317.0 |
        Vaults |   6665 |   5903 |    762 |   1711 |   3237 |   4 | 1666.2 |
         Crypt |   2808 |   2582 |    226 |    577 |   1289 |   3 |  936.0 |
        Depths |   5287 |   4395 |    892 |    832 |   2377 |   4 | 1321.8 |
           Zot |   7513 |   7063 |    450 |   2202 |   2568 |   5 | 1502.6 |
        Bazaar |     99 |     99 |      0 |      0 |     52 |   1 |   99.0 |
      Ice Cave |   2777 |   2777 |      0 |   1534 |     98 |   1 | 2777.0 |
               +--------+--------+--------+--------+--------+-----+--------+

Top non-repeatable levels by time:
  Lair:2: 6926 daAuts
    D:10: 4419 daAuts
 Snake:4: 3924 daAuts
 Snake:2: 3185 daAuts
Shoals:2: 3146 daAuts
   Zot:5: 2821 daAuts
   IceCv: 2777 daAuts
     D:9: 2611 daAuts
 Snake:3: 2463 daAuts
  Lair:5: 2395 daAuts
     D:8: 2382 daAuts
    D:14: 2360 daAuts
Vaults:3: 2329 daAuts
Shoals:4: 2207 daAuts
  Lair:4: 2204 daAuts
